 Dungeon Crawl Stone Soup version 0.29.1-1-gd02db6906a (webtiles) character file.

Game seed: 11260811567347687452

103 warriortoast the Conjurer (level 4, -3/24 HPs)
             Began as a Deep Elf Conjurer on Oct 12, 2022.
             Slain by an orc wizard
             ... wielding a +3 vampiric dagger
              (6 damage)
             ... on level 2 of the Dungeon.
             The game lasted 00:05:24 (3354 turns).

warriortoast the Conjurer (Deep Elf Conjurer)       Turns: 3354, Time: 00:05:24

Health: -3/24      AC:  2    Str: 12    XL:     4   Next: 51%
Magic:  11/12      EV: 12    Int: 31    God:
Gold:   102        SH:  0    Dex: 11    Spells: 8/12 levels left

rFire   . . .      SeeInvis .   k - +4 dagger
rCold   . . .      Faith    .   (no shield)
rNeg    . . .      Spirit   .   a - +0 robe
rPois   .          Reflect  .   (no helmet)
rElec   +          Harm     .   (no cloak)
rCorr   .          Rampage  .   (no gloves)
Will    .....                   (no boots)
Stlth   +.........              (no amulet)
HPRegen 0.08/turn               l - ring of Papomiri {Contam rElec Str+8 Int+6 Dex-2}
MPRegen 0.13/turn               (no ring)

@: confused
A: no striking features
a: no special abilities


You were on level 2 of the Dungeon.
You visited 1 branch of the dungeon, and saw 3 of its levels.

You collected 102 gold pieces.

Inventory:

Hand Weapons
 c - a +2 hand axe of flaming
 k - a +4 dagger (weapon)
Armour
 a - a +0 robe (worn)
Jewellery
 l - the ring of Papomiri (left hand) {Contam rElec Str+8 Int+6 Dex-2}
   (You found it on level 2 of the Dungeon)

   [ring of intelligence]

   Str:       It affects your strength (+8).
   Int:       It affects your intelligence (+6).
   Dex:       It affects your dexterity (-2).
   rElec:     It insulates you from electricity.
   Contam:    It causes magical contamination when unequipped.
 r - a +6 ring of intelligence
Scrolls
 e - 2 scrolls of immolation {unknown}
 f - 2 scrolls of silence {unknown}
 h - a scroll of magic mapping {unknown}
 i - a scroll of brand weapon {unknown}
 j - 3 scrolls of identify {unknown}
 o - a scroll of teleportation {unknown}
 q - a scroll of fear {unknown}
Potions
 b - a potion of magic
 d - a potion of degeneration {unknown}
 g - a potion of heal wounds {unknown}
 m - 2 potions of invisibility {unknown}
 n - 2 potions of ambrosia {unknown}
 p - a potion of flight {unknown}


   Skills:
 - Level 2.4 Dodging
 - Level 2.4 Stealth
 + Level 4.8 Spellcasting
 + Level 5.3 Conjurations
 + Level 2.1 Hexes


You had 8 spell levels left.
You knew the following spells:

 Your Spells              Type           Power      Damage    Failure   Level
a - Magic Dart            Conj           100%       1d8       1%          1
b - Dazzling Flash        Conj/Hex       60%        N/A       3%          3

Your spell library contained the following spells:

 Spells                   Type           Power      Damage    Failure   Level
 Searing Ray              Conj           80%        2d7       1%          2
 Call Imp                 Summ           7%         N/A       9%          2
 Mephitic Cloud           Conj/Pois/Air  18%        N/A       9%          3
 Fulminant Prism          Conj/Hex       15%        3d11      12%         4
 Iskenderun's Mystic Bla  Conj/Tloc      24%        2d7       19%         4


Dungeon Overview and Level Annotations

Branches:
Dungeon (3/15)

Altars:

Annotations:
D:3 Robin


Message History

Things that are here:
a +0 dagger; a goblin skeleton
Things that are here:
a +0 ring mail; a +0 club An orc wizard is nearby!
You can't go down here!
The magic dart hits the orc wizard.
The orc wizard is moderately wounded.
The orc wizard shouts!
You hear a shout!
The magic dart hits the orc wizard.
The orc wizard is heavily wounded.
The orc wizard casts a spell at you.
You are confused.
You're too confused to cast spells.
You're too confused to cast spells.
You're too confused to cast spells.
You're too confused to cast spells.
The orc wizard shouts!
The orc wizard casts a spell at you. You resist with some effort.
You bump into the rock wall.
You're too confused to move!
The orc wizard casts a spell at you.
You are more confused.
You bump into the rock wall.
You bump into the rock wall.
The orc wizard hits you with a +3 vampiric dagger.
The orc wizard misses you.
The orc priest hits you with a +0 short sword.
The orc wizard mumbles some strange words.
The orc wizard flickers and vanishes!
Deactivating autopickup; reactivate with Ctrl-A.
You barely miss something.
The orc wizard hits you with a +0 dagger.
The orc priest misses you. Something hits you.
* * * LOW HITPOINT WARNING * * *
Something hits you.
* * * LOW HITPOINT WARNING * * *
You're too confused to move!
Something hits you.
You die...

#....# #...##......).....#
#....# #...##............#
#....# #...##............#
#....###...##............#
.................>####'#.#
.....#########.#..# #.#.#
.....## #....#.#..# #.#.#
.##...###......#{o# #.#.##
.####...#..#....@o# #....#
###...........##..######..#
######.###.##.##..##......#
..^8^..# #.##.##..##.####.#
.#########.##.##..##.# #.#
#..........##.##..##.####.#
..###########.....##.#.†..#
#.##..............##.#.####
#.#..#########....##)#.#


You could see an orc priest and an orc wizard.

Vanquished Creatures
  An adder (D:2)
  2 worms
  A dart slug (D:1)
  4 orcs
  5 ball pythons
  4 endoplasms
  5 giant cockroaches
  12 goblins
  6 hobgoblins
  7 jackals
  7 kobolds
  2 quokkas
  7 bats
  A frilled lizard (D:1)
  7 rats
71 creatures vanquished.

Notes
Turn   | Place    | Note
-------+----------+-------------------------------------------
     0 | D:1      | warriortoast the Deep Elf Conjurer began the quest for the
                  | Orb.
     0 | D:1      | Reached XP level 1. HP: 10/10 MP: 6/6
   183 | D:1      | Reached XP level 2. HP: 15/15 MP: 2/8
   798 | D:1      | Reached skill level 5 in Conjurations
   798 | D:1      | Reached XP level 3. HP: 19/19 MP: 7/10
   803 | D:1      | Learned a level 3 spell: Dazzling Flash
  1559 | D:2      | Identified the ring of Papomiri {Contam rElec Str+8 Int+6
                  | Dex-2}
  1571 | D:2      | Reached skill level 1 in Hexes
  1972 | D:3      | Reached XP level 4. HP: 24/24 MP: 3/12
  2116 | D:3      | Found a faded altar of an unknown god.
  3032 | D:3      | Noticed Robin
  3354 | D:2      | Slain by an orc wizard

Illustrated notes

Levels and vault maps discovered:
D:1:      ncdulo_smallfort, layout_loops_corners
D:2:      cheibrodos_pilgrimage, layout_basic, ebering_dispersal_statue_hall
D:3:      layout_rooms, chequers_ecumenical_altar_simple, minmay_surrounded,
          uniq_sigmund, uniq_robin

Skill      XL: |  1  2  3  4 |
---------------+-------------+-----
Spellcasting   | 4 |  4.8
Conjurations   | 5 |  5.3
Hexes          | 1 2 |  2.1
Dodging        | |  2.4
Stealth        | |  2.4

Action                   |  1- 3 |  4- 6 || total
-------------------------+-------+-------++-------
Melee: Dagger            |       |     3 ||     3
 Cast: Magic Dart        |    95 |    51 ||   146
Armor: Robe              |     4 |     4 ||     8
Dodge: Dodged            |     1 |    10 ||    11
